 Dungeon Crawl Stone Soup version 0.28.0-53-g5a82cb258f (webtiles) character file.

Game seed: 13870106646109484251

13411 LustLizard the Cleaver (level 11, -1/99 HPs)
             Began as a Minotaur Berserker on July 11, 2022.
             Was an Elder of Trog.
             Killed from afar by a rime drake (17 damage)
             ... with a flash freeze
             ... on level 1 of the Lair of Beasts.
             The game lasted 00:22:47 (13348 turns).

LustLizard the Cleaver (Minotaur Berserker)        Turns: 13348, Time: 00:22:48

Health: -1/99      AC:  9    Str: 23    XL:     11   Next: 75%
Magic:  10/10      EV: 14    Int:  6    God:    Trog [****..]
Gold:   560        SH:  0    Dex: 11    Spells: 10/10 levels left

rFire   . . .      SeeInvis .   P - +3 battleaxe (flame)
rCold   + . .      Faith    .   (shield currently unavailable)
rNeg    . . .      Spirit   .   h - +0 scale mail {rC+}
rPois   .          Reflect  .   (helmet restricted)
rElec   .          Harm     .   w - scarf {+Inv}
rCorr   .          Rampage  .   q - +0 pair of gloves
Will    .....                   c - +1 pair of boots
Stlth   ..........              (no amulet)
HPRegen 0.26/turn               f - +4 ring of evasion
MPRegen 0.12/turn               (no ring)

@: no status effects
A: horns 2, retaliatory headbutt
a: Renounce Religion, Evoke Invisibility, Berserk, Trog's Hand, Brothers in Arms


You were on level 1 of the Lair of Beasts.
You worshipped Trog.
Trog was greatly pleased with you.
You visited 2 branches of the dungeon, and saw 13 of its levels.
You also visited: Sewer.

You collected 560 gold pieces.

Inventory:

Hand Weapons
 a - a +0 hand axe
 v - a +0 war axe
 B - a +1 flail of venom
 P - a +3 battleaxe of flaming (weapon)
Missiles
 d - 387 stones (quivered)
 i - 7 atropa-tipped darts
 D - 15 poisoned darts
 J - 5 javelins
 N - 4 boomerangs
 Q - 3 throwing nets
Armour
 b - a +0 animal skin
 c - a +1 pair of boots (worn)
 g - a +0 chain mail
 h - a +0 scale mail of cold resistance (worn)
 q - a +0 pair of gloves (worn)
 w - a scarf of invisibility (worn)
 O - a +0 buckler
Jewellery
 f - a +4 ring of evasion (left hand)
 U - a ring of ice
Wands
 y - a wand of acid (10)
 F - a wand of charming (11)
 M - a wand of paralysis (5)
 S - a wand of flame (12)
 V - a wand of iceblast (8)
Scrolls
 j - 5 scrolls of enchant armour
 m - 3 scrolls of blinking
 o - 7 scrolls of teleportation
 t - a scroll of torment {unknown}
 A - 2 scrolls of vulnerability
 C - a scroll of fog
 E - 2 scrolls of noise
 G - a scroll of fear {unknown}
 K - a scroll of silence {unknown}
 R - a scroll of magic mapping {unknown}
 T - a scroll of amnesia {unknown}
Potions
 e - a potion of berserk rage
 l - 2 potions of magic
 n - 2 potions of attraction
 p - 3 potions of degeneration
 r - a potion of lignification
 s - 9 potions of flight
 u - 3 potions of mutation
 x - a potion of haste {unknown}
 z - a potion of might {unknown}
 H - 2 potions of brilliance
 I - a potion of invisibility {unknown}
 L - 5 potions of curing {unknown}


   Skills:
 + Level 9.8 Fighting
 * Level 13.1 Axes
 * Level 10.5 Throwing
 - Level 2.4 Armour
 - Level 2.1 Dodging
 - Level 2.3 Shields
 * Level 8.2 Evocations


You had 10 spell levels left.
You didn't know any spells.
Your spell library was empty.

Dungeon Overview and Level Annotations

Branches:
Dungeon (12/15)            Temple (0/1) D:7            Lair (1/6) D:8
    Orc (0/2) D:12          Sewer (visited)

Altars:
Elyvilon
Fedhas
Makhleb
Ru
Sif Muna
Uskayaw
Vehumet
Wu Jian
Xom
Zin
Beogh

Shops:
D:12 :

Annotations:
D:10 3 runed translucent doors, Orthodox's ghost, journeyman DsGl


Innate Abilities, Weirdness & Mutations

You have a pair of horns on your head.
You reflexively headbutt those who attack you in melee.


Message History

The polar bear is almost dead.
The polar bear bites you!
* * * LOW HITPOINT WARNING * * *
The polar bear claws you but does no damage. x2
You slice the polar bear!! You burn the polar bear.
You kill the polar bear!
Trog accepts your kill.
You hear the faint crackling of a very distant melting archway.
You feel a strong urge to attack something.
You are no longer berserk.
You are exhausted.
You feel yourself slow down.
You start resting.
You feel yourself speed up.
You start resting.
You recover from your berserk rage.
You start resting.
You hear the crackling of a very distant melting archway.
You start resting.
A rime drake comes into view.
The rime drake hisses angrily.
The rime drake breathes ice at you. The flash freeze hits you!
You partially resist.
* * * LOW HITPOINT WARNING * * *
You are encased in ice.
The ice encasing you melts away. The rime drake breathes ice at you.
The flash freeze misses you.
You hear the crackling of a very distant melting archway.
The rime drake bites you.
* * * LOW HITPOINT WARNING * * *
You closely miss the rime drake. Your headbutt misses the rime drake.
The rime drake misses you.
The rime drake bites you but does no damage.
You slash the rime drake! You burn the rime drake!
The rime drake is severely wounded.
You hear a croak.
The rime drake breathes ice at you. The flash freeze hits you!
You partially resist.
You die...

#♣≈♣P≈≈≈.≈≈≈≈♣
###♣P...≈P♣♣# .##
#♣≈..≈♣♣# ..## ♣...P≈≈#
..^.# # ##...≈♣## ...## #
#......## ...... ##
#P.##....### #.....# P###
#..........##†......
...........#....@k........
##.####.#..#######........
...... ######... .....# .
..... ....


You could see a rime drake (catching breath).

Vanquished Creatures
  Harold (D:9)
  Fannar (D:10)
  2 boulder beetles (D:12)
  2 two-headed ogres
  A manticore (D:12)
  A cane toad (Lair:1)
  A gargoyle (D:12)
  3 komodo dragons
  A kobold demonologist (D:10)
  2 trolls
  A polar bear (Lair:1)
  3 slime creatures (D:12)
  2 wraiths
  6 yaks
  Sigmund (D:4)
  A centaur simulacrum (D:12)
  A wyvern (D:11)
  A vampire (D:11)
  5 vampire mosquitoes
  Edmund (D:5)
  An acid dragon (D:10)
  3 orc warriors
  2 black bears
  2 ice beasts
  3 ogres
  2 sky beasts (D:5)
  11 centaurs
  2 kobold brigands
  Blork the orc (D:4)
  3 bullfrogs
  3 scorpions
  A water moccasin skeleton (D:6)
  3 wights (D:9)
  3 centaur zombies
  4 hounds
  5 orc priests
  A jelly (D:5)
  3 bullfrog skeletons
  A centaur skeleton (D:7)
  2 iguanas
  A merfolk siren (Sewer)
  7 orc wizards
  A scorpion zombie (D:5)
  A merfolk avatar (Sewer)
  A killer bee zombie (D:5)
  A howler monkey zombie (D:10)
  4 gnolls (D:5)
  3 river rats (Sewer)
  8 adders
  An ufetubus (D:6)
  5 worms
  4 dart slugs
  28 orcs
  5 bats
  4 endoplasms
  4 giant cockroaches
  3 hobgoblins
  3 jackals (D:2)
  7 quokkas
  10 ball pythons
  6 frilled lizards
  6 goblins
  11 kobolds
  27 rats
244 creatures vanquished.

Vanquished Creatures (others)
  A two-headed ogre (D:12)
  2 cyclopes (D:12)
  A troll (D:12)
  A basilisk (D:12)
  An orc wizard (D:12)
  2 fungi (Lair:1)
  10 plants (Lair:1)
18 creatures vanquished.

Grand Total: 262 creatures vanquished

Notes
Turn   | Place    | Note
-------+----------+-------------------------------------------
     0 | D:1      | LustLizard the Minotaur Berserker began the quest for the
                  | Orb.
     0 | D:1      | Reached XP level 1. HP: 19/19 MP: 0/0
   168 | D:1      | Reached skill level 4 in Axes
   188 | D:1      | Found a faded altar of an unknown god.
   245 | D:1      | Reached XP level 2. HP: 27/27 MP: 1/1
   841 | D:2      | Reached skill level 1 in Throwing
   896 | D:2      | Reached XP level 3. HP: 31/33 MP: 2/2
  1063 | D:2      | Reached ** piety under Trog
  1454 | D:3      | Reached XP level 4. HP: 40/40 MP: 3/3
  1456 | D:3      | Found a glowing drain.
  1476 | Sewer    | Entered a sewer
  1631 | Sewer    | Reached skill level 5 in Axes
  1885 | Sewer    | Reached XP level 5. HP: 47/47 MP: 4/4
  1931 | Sewer    | Reached *** piety under Trog
  2979 | D:4      | Reached XP level 6. HP: 44/55 MP: 5/5
  3103 | D:4      | Noticed Blork the orc
  3111 | D:4      | Killed Blork the orc
  3112 | D:4      | Reached skill level 5 in Fighting
  3112 | D:4      | Reached skill level 6 in Axes
  3187 | D:4      | Noticed an ice beast
  3199 | D:4      | Killed an ice beast
  3293 | D:4      | Noticed Sigmund
  3299 | D:4      | Killed Sigmund
  3300 | D:4      | Reached XP level 7. HP: 61/61 MP: 6/6
  3432 | D:4      | Reached skill level 7 in Axes
  3947 | D:5      | Entered Level 5 of the Dungeon
  3958 | D:5      | Found a sacrificial altar of Ru.
  3967 | D:5      | Found a glowing silver altar of Zin.
  4160 | D:5      | Reached skill level 5 in Throwing
  4464 | D:5      | Reached skill level 8 in Axes
  4464 | D:5      | Reached XP level 8. HP: 70/70 MP: 7/7
  4586 | D:5      | Reached skill level 1 in Evocations
  4586 | D:5      | Reached **** piety under Trog
  4868 | D:5      | Noticed Edmund
  4877 | D:5      | Killed Edmund
  5289 | D:5      | Noticed a troll
  5302 | D:5      | Killed a troll
  5303 | D:5      | Reached skill level 9 in Axes
  5544 | D:6      | Reached XP level 9. HP: 76/79 MP: 8/8
  6448 | D:7      | Found a burning altar of Makhleb.
  6792 | D:7      | Found a staircase to the Ecumenical Temple.
  7151 | D:7      | Reached ***** piety under Trog
  7584 | D:8      | Found a radiant altar of Vehumet.
  7584 | D:8      | Found a shimmering blue altar of Sif Muna.
  7603 | D:8      | Reached skill level 10 in Axes
  7661 | D:8      | Found a staircase to the Lair.
  7763 | D:8      | Found a white marble altar of Elyvilon.
  8007 | D:8      | Found an ornate altar of the Wu Jian Council.
  8102 | D:8      | Noticed a two-headed ogre
  8135 | D:8      | Killed a two-headed ogre
  8136 | D:8      | Reached skill level 5 in Evocations
  8136 | D:8      | Reached XP level 10. HP: 54/88 MP: 9/9
  8933 | D:9      | Received a gift from Trog
  9115 | D:9      | Found a hide-covered altar of Uskayaw.
  9118 | D:9      | Found a blossoming altar of Fedhas.
  9366 | D:9      | Reached skill level 1 in Shields
  9378 | D:9      | Noticed Harold
  9394 | D:9      | Killed Harold
  9575 | D:9      | Reached skill level 11 in Axes
  9866 | D:10     | Entered Level 10 of the Dungeon
  9931 | D:10     | Found a runed translucent gate.
 10020 | D:10     | Noticed Fannar
 10029 | D:10     | Killed Fannar
 10459 | D:10     | Found a runed translucent gate.
 10460 | D:10     | Found a runed translucent gate.
 10462 | D:10     | Noticed Orthodox's ghost (journeyman DsGl)
 11005 | D:11     | Noticed a two-headed ogre
 11035 | D:11     | Killed a two-headed ogre
 11036 | D:11     | Reached skill level 12 in Axes
 11036 | D:11     | Reached XP level 11. HP: 97/97 MP: 10/10
 11574 | D:12     | Found Suahig's Book Boutique.
 11932 | D:12     | Noticed a two-headed ogre
 11975 | D:12     | Noticed a boulder beetle
 11988 | D:12     | Killed a boulder beetle
 11989 | D:12     | Reached skill level 10 in Throwing
 12013 | D:12     | Found a staircase to the Orcish Mines.
 12072 | D:12     | Noticed a boulder beetle
 12089 | D:12     | Killed a boulder beetle
 12516 | D:12     | Killed a two-headed ogre
 12517 | D:12     | Found a shimmering altar of Xom.
 12604 | D:12     | Noticed an ettin
 12604 | D:12     | Noticed an ettin
 12604 | D:12     | Noticed a sphinx
 13156 | Lair:1   | Entered Level 1 of the Lair of Beasts
 13168 | Lair:1   | Reached skill level 13 in Axes
 13255 | Lair:1   | HP: 2/148 [polar bear (8)]
 13348 | Lair:1   | Killed from afar by a rime drake

Illustrated notes

Levels and vault maps discovered:
D:1:      wheals_arrival_shading, layout_loops_ring,
          hellmonk_ecumenical_altar_defaced_shrine,
          chequers_serial_rivers_small_3, serial_bayou_pond_e
D:2:      layout_basic, minmay_randomly_rotated_circles
D:3:      layout_basic, cheibrodos_sewer_entry_sluice, amethyst_killhole,
          kennysheep_boxes
D:4:      layout_loops_ring, uniq_blork_the_orc, uniq_sigmund
D:5:      kennysheep_six_static_rooms, layout_loops_ring,
          amethyst_overflow_temple_binary, amcnicky_mini_pool_small,
          kennysheep_generic_room_6, uniq_edmund
D:6:      layout_basic
D:7:      layout_cave_pods, mainiacjoe_overflow_boulevard,
          minmay_temple_entry_offerings
D:8:      layout_rooms, lemuel_round_altar, grunt_temple_overflow_open,
          lair_entry_dummy, kennysheep_generic_room_15
D:9:      layout_stronghold, nicolae_overflow_hidden_temple, uniq_harold
D:10:     layout_gridville, ebering_ghost_rock_garden, uniq_fannar
D:11:     layout_roguey, minmay_misc_feat_roman, hex_tiny
D:12:     layout_small_grid, hiddenorc2_lemuel, minmay_misc_feat_rugged,
          hangedman_feature_mirror, minivault_25_ag, nicolae_stop_n_shop_1,
          grunt_ogre_cave, kennysheep_doodads, xom_confusion_cloud
Lair:1:   beast_lair_carwin_large_3, layout_cave_pods,
          portal_ice_cave_entry_pillars_1, st_stairs_10, serial_bayou_ford_a,
          serial_bayou_shore_b, serial_bayou_shore_b

Skill      XL: |  1  2  3  4  5  6  7  8  9 10 11 |
---------------+----------------------------------+-----
Axes           | 4 5 6 8 9 10 12 13 | 13.1
Fighting       | 4 5 6 7 8 9 |  9.8
Throwing       | 1 2 3 4 5 6 8 9 10 | 10.5
Evocations     | 3 5 6 8 |  8.2
Shields        | 2 |  2.3
Armour         | |  2.4
Dodging        | |  2.1

Action                   |  1- 3 |  4- 6 |  7- 9 | 10-12 || total
-------------------------+-------+-------+-------+-------++-------
Melee: Hand axe          |    78 |    92 |       |       ||   170
       Headbutt          |    15 |    17 |    36 |    38 ||   106
       War axe           |       |    37 |   207 |    17 ||   261
       Punch             |       |       |     1 |       ||     1
       Battleaxe         |       |       |       |   148 ||   148
Throw: Stone             |     8 |    33 |    83 |   138 ||   262
       Dart              |       |       |     5 |    13 ||    18
Invok: Berserk           |       |     1 |     4 |     4 ||     9
       Trog's Hand       |       |       |       |     1 ||     1
  Use: Scroll            |       |       |     9 |     5 ||    14
       Potion            |       |       |       |     1 ||     1
Armor: Animal skin       |     2 |       |       |       ||     2
       Scale mail        |    17 |    28 |    84 |    72 ||   201
       Chain mail        |     1 |       |       |       ||     1
Dodge: Dodged            |    51 |    79 |   144 |   137 ||   411
